 Dungeon Crawl Stone Soup version 0.30.0 (webtiles) character file.

Game seed: 2192687462783916683

1 browni3141 the Sneak (level 1, 0/19 HPs)
             Began as an Armataur Delver on May 6, 2023.
             Was an Initiate of Qazlal.
             Slain by an ufetubus (3 damage)
             ... on level 4 of the Dungeon.
             The game lasted 00:00:21 (200 turns).

browni3141 the Sneak (Armataur Delver)               Turns: 200, Time: 00:00:21

Health: 0/19       AC:  4    Str: 17    XL:     1   Next: 16%
Magic:  1/1        EV:  9    Int: 10    God:    Qazlal [......]
Gold:   0          SH:  0    Dex: 11    Spells: 0/0 levels left

rFire   . . .        a - +0 short sword
rCold   . . .        (no shield)
rNeg    . . .        b - +0 leather armour
rPois   .            (no helmet)
rElec   .            (no cloak)
rCorr   .            (no gloves)
SInv    .            (no barding)
Will    .....        (no amulet)
Stlth   +++          (no ring)
HPRegen 0.23/turn    (no ring)
MPRegen 0.07/turn

%: roll
@: no status effects
A: large, rugged brown scales 3, deformed body, armoured tail, roll, long
tongue, awkward tongue
a: Renounce Religion


You were on level 4 of the Dungeon.
You worshipped Qazlal.
Qazlal was noncommittal.
You visited 1 branch of the dungeon, and saw 2 of its levels.

Inventory:

Hand Weapons
 a - a +0 short sword (weapon)
Armour
 b - a +0 leather armour (worn)
Wands
 g - a wand of digging (3)
Scrolls
 d - a scroll of magic mapping
 e - a scroll of fear
 F - a scroll of fog
 G - a scroll of amnesia {unknown}
Potions
 h - 2 potions of haste
 H - a potion of attraction {unknown}


   Skills:
 + Level 2.8 Fighting
 - Level 1.7 Short Blades
 - Level 1.3 Dodging
 - Level 5.4 Stealth


You couldn't memorise any spells.
You didn't know any spells.
Your spell library was empty.

Dungeon Overview and Level Annotations

Branches:
Dungeon (5/15)
 Temple: D:4-7

Altars:
Qazlal
Zin


Innate Abilities, Weirdness & Mutations

You are completely covered in rugged brown scales. (AC +3, +7% HP)
Armour fits poorly on your strangely shaped body.
You have a long armoured tail.
You roll when moving toward enemies. (Rampage)
Your long tongue fully drains potion bottles. (2x potion effects)
Your tongue gives you trouble enunciating. (1.5x scroll delay)


Message History

Welcome, browni3141 the Armataur Delver.
Below lies the Orb of Zot, rumoured to be powerful enough to resurrect a god...
Press ? for a list of commands and other information.
Found a stone staircase leading down.
Setting a skill training target for Polearms at 14.0.
Setting a skill training target for Armour at 7.0.
Setting a skill training target for Shields at 5.0.
Setting a skill training target for Stealth at 2.0.
Setting a skill training target for Spellcasting at 3.0.
Setting a skill training target for Conjurations at 7.0.
Setting a skill training target for Summonings at 16.0.
Setting a skill training target for Necromancy at 10.0.
Setting a skill training target for Fire Magic at 6.0.
Setting a skill training target for Earth Magic at 10.0.
Setting a skill training target for Invocations at 14.0.
Setting a skill training target for Evocations at 10.0.
Setting a skill training target for Throwing at 2.0.
Found a stormy altar of Qazlal.
h - 2 potions of haste (gained 1)
Found a stone staircase leading down.
G - a scroll labelled MOTRAERIGY
There is a stormy altar of Qazlal here.
You kneel at the altar of Qazlal.
Qazlal welcomes you!
Qazlal grants you and your divine allies immunity to clouds.
Unknown command.
Press < or > to pray at altars.
Okay, then.
Found a stone staircase leading up.
There is a stone staircase leading up here.
You climb upwards.
There is a stone staircase leading down here.
You see here a +0 ring mail.
A quokka comes into view.
A quokka is nearby!
You roll towards the quokka!
You roll towards the quokka!
You roll towards the quokka!
The helpless quokka fails to defend itself.
You puncture the quokka!
You kill the quokka!
Qazlal accepts your kill.
Training target 2.0 for Stealth reached!
You see here a quokka corpse.
No target in view!
H - a grey potion
Found a glowing silver altar of Zin.
An ufetubus comes into view.
An ufetubus is nearby!
An ufetubus is nearby!
No reachable target in view!
No reachable target in view!
You roll towards the ufetubus!
You barely miss the ufetubus. The ufetubus closely misses you.
The ufetubus barely misses you.
You barely miss the ufetubus. The ufetubus closely misses you.
The ufetubus hits you but does no damage.
You miss the ufetubus. The ufetubus hits you.
The ufetubus hits you but does no damage.
The ufetubus barely misses you. The ufetubus closely misses you.
You hit the ufetubus but do no damage.
Your tail-slap misses the ufetubus.
The ufetubus hits you but does no damage.
The ufetubus completely misses you.
You miss the ufetubus. The ufetubus hits you.
The ufetubus closely misses you. x2
The ufetubus hits you but does no damage.
You closely miss the ufetubus.
The ufetubus hits you but does no damage.
The ufetubus hits you.
You miss the ufetubus. The ufetubus closely misses you. The ufetubus hits you.
The ufetubus hits you but does no damage.
The ufetubus closely misses you.
You hit the ufetubus but do no damage. The ufetubus barely misses you. x2
You closely miss the ufetubus.
The ufetubus hits you but does no damage.
The ufetubus hits you.
You closely miss the ufetubus. The ufetubus hits you.
The ufetubus hits you but does no damage.
The ufetubus hits you.
* * * LOW HITPOINT WARNING * * *
The ufetubus hits you but does no damage.
You hit the ufetubus.
The ufetubus is severely wounded.
The ufetubus hits you.
You die...

.....§§§#....
#.≈.#.###.§.#..^.
#§§§#...#.≈.#...
#§≈.#._.#.≈.##..
#§≈§#...#.≈.##.#
#.≈.###.#...##.#
#.≈.......≈..#.#
######.≈≈§≈≈≈≈§≈....#
.........@5......##.#
###########.....###.#
#####.###.######
#...........
#.###.###### #.# #.#
#.# #.# #.# #.# #.#
#.#


You could see an ufetubus.

Vanquished Creatures
  A quokka (D:4)
1 creature vanquished.

Notes
Turn   | Place    | Note
-------+----------+-------------------------------------------
     0 | D:5      | browni3141 the Armataur Delver began the quest for the Orb.
     0 | D:5      | Reached XP level 1. HP: 19/19 MP: 1/1
    14 | D:5      | Found a stormy altar of Qazlal.
    32 | D:5      | Became a worshipper of Qazlal Stormbringer
   176 | D:4      | Found a glowing silver altar of Zin.
   200 | D:4      | Slain by an ufetubus

Illustrated notes

Levels and vault maps discovered:
D:4:      minmay_angry_zag, layout_basic, nzn_wu_jian_contemplation,
          mainiacjoe_overflow_brackets, lemuel_mausoleum_altar_yredelemnul,
          uniq_menkaure
D:5:      layout_basic, mainiacjoe_overflow_tiny_flanked,
          grunt_temple_overflow_open, fedhas_altar_2, grunt_qazlal_clouds,
          minmay_temple_entry_gardened_gates, uniq_eustachio

Action                     || total
---------------------------++-------
  Melee: Short sword       ||    12
   Stab: Sleeping          ||     1
 Armour: Leather armour    ||     9
  Dodge: Dodged            ||    12
